 Dungeon Sprint DCSS version 0.21-a0-442-g848f44b (webtiles) character file.

14629 Kidiri the Fighter (level 11, -3/123 (126) HPs)
             Began as a Yellow Draconian Transmuter on Nov 16, 2017.
             Was a High Priest of Sif Muna.
             Slain by a 12-headed hydra (8 damage)
             ... while paralysed by a floating eye
             ... in the Dungeon (Sprint I: "Red Sonja").
             The game lasted 00:11:38 (2527 turns).

Kidiri the Fighter (Yellow Draconian Transmuter)    Turns: 2527, Time: 00:11:39

HP:   -3/123 (126)  AC:  6    Str: 17    XL:     11   Next: 91%
MP:   18/23         EV:  1    Int: 14    God:    Sif Muna [*****.]
Gold: 448           SH:  0    Dex: 13    Spells: 9/26 levels left

rFire    x . .     SeeInvis .     - Unarmed
rCold    + + +     Gourm    .   (shield currently unavailable)
rNeg     . . .     Faith    .   (armour unavailable)
rPois    +         Spirit   .   (helmet currently unavailable)
rElec    .         Reflect  .   (cloak currently unavailable)
rCorr    .         Harm     .   (gloves currently unavailable)
MR       .....     NoTele   +   (boots currently unavailable)
Stlth    ++++......             (no amulet)
HPRegen  0.30/turn              k - +3 ring of strength
MPRegen  0.18/turn              (no ring)

@: paralysed, ice-form
A: (spit acid), (acid resistance), unfitting armour, AC +7
a: End Transformation, Divine Energy, Channel Magic, Forget Spell, Renounce
Religion


You were in the Dungeon.
You worshipped Sif Muna.
Sif Muna was extremely pleased with you.
You were not hungry.
You were a creature of crystalline ice.
You visited 1 branch You collected 1909 gold pieces.
You spent 1461 gold pieces at shops.

Inventory:

Missiles
 a - 52 arrows
Armour
 c - the +0 pair of boots of Gravity (melded) {Str+7 Int-4 Dex+2}
   (You bought it in a shop in the Dungeon)

   It affects your strength (+7).
   It affects your intelligence (-4).
   It affects your dexterity (+2).
Jewellery
 k - a +3 ring of strength (left front paw)
Wands
 e - a wand of confusion (27/48)
Scrolls
 b - a scroll of remove curse {unknown}
 h - 2 scrolls of identify {unknown}
 i - 2 scrolls of blinking
 t - a scroll of fear {unknown}
Potions
 f - a potion of haste
 g - 2 potions of magic
 j - a potion of brilliance {unknown}
 l - a potion of flight {unknown}
 r - 3 potions of curing
Books
 d - Sif Muna's Papyrus of Stolen Souls and the Snowflakes
   (Sif Muna gifted it to you in the Dungeon)

   Spells                             Type                      Level
   a - Ice Form                       Ice/Transmutation            4
   b - Animate Dead                   Necromancy                   4
   c - Death's Door                   Charms/Necromancy            8
Comestibles
 m - 16 chunks of flesh
 n - 11 fruits
 o - 2 meat rations
 p - 2 royal jellies
 q - 3 bread rations


   Skills:
 * Level 12.6 Fighting
 * Level 10.9 Dodging
 + Level 8.3 Stealth
 * Level 11.9 Unarmed Combat
 + Level 8.0 Spellcasting
 + Level 3.3 Charms
 + Level 3.7 Translocations
 * Level 11.7 Transmutations
 + Level 7.4 Ice Magic
 + Level 8.0 Poison Magic


You had 9 spell levels left.
You knew the following spells:

 Your Spells              Type           Power        Failure   Level  Hunger
a - Beastly Appendage     Tmut           #####.       1%          1    None
b - Sticks to Snakes      Tmut           #####...     1%          2    None
c - Spider Form           Tmut/Pois      ####......   1%          3    ##.....
d - Ice Form              Ice/Tmut       ####....     2%          4    ####...
e - Blade Hands           Tmut           #####.....   2%          5    #####..
f - Shroud of Golubria    Chrm/Tloc      ###.......   4%          2    None


Dungeon Overview and Level Annotations

Branches:
Dungeon (1/1)

Altars:
Cheibriados
Dithmenos
Elyvilon
Fedhas
Gozag
Hepliaklqana
Kikubaaqudgha
Makhleb
Nemelex Xobeh
Okawaru
Qazlal
Ru
Sif Muna
Trog
Uskayaw
Vehumet
Wu Jian
Xom
Yredelemnul
Zin
The Shining One
Jiyva
Lugonu

Shops:
D [}:!(*!=}((*(([!

Annotations:
D exclusion: 4 doors


Innate Abilities, Weirdness & Mutations

((You can spit globs of acid.))
((You are resistant to acid.))
((Your golden yellow scales are hard. (AC +7)))
You cannot fit into any form of body armour.
((You are cold-blooded and may be slowed by cold attacks.))


Message History

The 12-headed hydra bites you.
The 12-headed hydra completely misses you.
The 12-headed hydra bites you.
Your shroud falls apart!
You punch the floating eye! You freeze the floating eye.
The floating eye is heavily wounded.
The floating eye gazes piercingly through you!
You suddenly lose the ability to move!
The 12-headed hydra bites you! x3
The 12-headed hydra bites you.
* * * LOW HITPOINT WARNING * * *
The 12-headed hydra bites you!
* * * LOW HITPOINT WARNING * * *
The 12-headed hydra bites you.
* * * LOW HITPOINT WARNING * * *
The 12-headed hydra barely misses you. The 12-headed hydra bites you!
* * * LOW HITPOINT WARNING * * *
The 12-headed hydra bites you!
* * * LOW HITPOINT WARNING * * *
The 12-headed hydra bites you!
You die...

####################
.#§§#§§..÷.§..§§YD$#
.##+#§####§.§.§##G.+
.'..#.# ##§§§## ###
##.§§§# ###+#
##+#### #§§.^.#
#§§§§.+ ###.§§#
+.#...#


You could see a 12-headed hydra and a floating eye.

Vanquished Creatures
  2 centaur warriors (D)
  Sonja (D)
  A deep troll (D)
  2 unseen horrors (D)
  A lindwurm (D)
  An oklob plant (D)
  A gargoyle (D)
  2 kobold demonologists (D)
  4 demonic crawlers (D)
  A slime creature (D)
  A hornet (D)
  2 redbacks (D)
  13 hogs (D)
  Sigmund (D)
  A yak (D)
  2 floating eyes (D)
  7 necrophages (D)
  An ogre (D)
  8 jellies (D)
  Ijyb (D)
  2 ballistomycetes (D)
  A ballistomycete spore (D)
56 creatures vanquished.

Vanquished Creatures (others)
  A gargoyle (D)
  A ballistomycete spore (D)
2 creatures vanquished.

Grand Total: 58 creatures vanquished

Notes
Turn   | Place    | Note
-------+----------+-------------------------------------------
     0 | D        | Kidiri the Draconian Transmuter began the quest for the Orb.
     0 | D        | Reached XP level 1. HP: 16/16 MP: 3/3
     3 | D        | Noticed Ijyb
    25 | D        | Killed Ijyb
    25 | D        | Reached skill level 2 in Fighting
    25 | D        | Reached skill level 1 in Stealth
    25 | D        | Reached XP level 2. HP: 14/25 MP: 2/5
    34 | D        | Learned a level 2 spell: Sticks to Snakes
   162 | D        | Noticed an ogre
   175 | D        | Killed an ogre
   175 | D        | Reached skill level 4 in Fighting
   175 | D        | Reached XP level 3. HP: 11/33 MP: 1/7
   175 | D        | Reached XP level 4. HP: 13/40 MP: 1/8
   198 | D        | Learned a level 3 spell: Spider Form
   384 | D        | Noticed Sigmund
   392 | D        | Killed Sigmund
   392 | D        | Reached skill level 5 in Fighting
   392 | D        | Reached skill level 5 in Dodging
   392 | D        | Reached skill level 5 in Unarmed Combat
   392 | D        | Reached skill level 5 in Transmutations
   392 | D        | Reached XP level 5. HP: 49/49 MP: 2/10
   408 | D        | Found an ornate altar of the Wu Jian Council.
   408 | D        | Found a deep blue altar of Sif Muna.
   439 | D        | Found a radiant altar of Vehumet.
   444 | D        | Became a worshipper of Sif Muna the Loreminder
   537 | D        | Learned a level 4 spell: Ice Form
   608 | D        | Killed a gargoyle
   648 | D        | Found Tiocwimi's Gadget Emporium.
   648 | D        | Found an ancient bone altar of Kikubaaqudgha.
   648 | D        | Found a hazy altar of Hepliaklqana.
   648 | D        | Found a stormy altar of Qazlal.
   648 | D        | Found a hide-covered altar of Uskayaw.
   648 | D        | Found a blossoming altar of Fedhas.
   648 | D        | Found a bloodstained altar of Trog.
   648 | D        | Found an iron altar of Okawaru.
   648 | D        | Found a basalt altar of Yredelemnul.
   648 | D        | Found a glowing golden altar of the Shining One.
   648 | D        | Found a snail-covered altar of Cheibriados.
   648 | D        | Found a sacrificial altar of Ru.
   648 | D        | Found a glowing silver altar of Zin.
   648 | D        | Found a shadowy altar of Dithmenos.
   648 | D        | Found a white marble altar of Elyvilon.
   648 | D        | Noticed a yak
   649 | D        | Found an opulent altar of Gozag.
   656 | D        | Killed a yak
   656 | D        | Reached skill level 6 in Fighting
   656 | D        | Reached skill level 1 in Ice Magic
   656 | D        | Reached XP level 6. HP: 45/58 MP: 8/12
   657 | D        | Found a sparkling altar of Nemelex Xobeh.
   721 | D        | Found a viscous altar of Jiyva.
   721 | D        | Found a corrupted altar of Lugonu.
   721 | D        | Noticed a slime creature
   722 | D        | Found a burning altar of Makhleb.
   722 | D        | Found a shimmering altar of Xom.
   729 | D        | Killed a slime creature
   729 | D        | Reached * piety under Sif Muna
   729 | D        | Reached skill level 7 in Fighting
   729 | D        | Your scales start taking on a golden yellow colour.
   729 | D        | Reached XP level 7. HP: 25/66 MP: 9/13
   958 | D        | Learned a level 5 spell: Blade Hands
   959 | D        | Noticed a kobold demonologist
   960 | D        | Noticed a kobold demonologist
   965 | D        | Killed a kobold demonologist
   965 | D        | Reached ** piety under Sif Muna
   965 | D        | Reached skill level 8 in Fighting
   965 | D        | Reached skill level 5 in Stealth
   965 | D        | Reached skill level 5 in Spellcasting
   971 | D        | Killed a kobold demonologist
   971 | D        | Reached XP level 8. HP: 66/75 MP: 9/15
  1064 | D        | Noticed a centaur warrior
  1065 | D        | Noticed a centaur warrior
  1075 | D        | Killed a centaur warrior
  1075 | D        | Reached *** piety under Sif Muna
  1075 | D        | Reached skill level 9 in Fighting
  1075 | D        | Reached skill level 5 in Poison Magic
  1084 | D        | Killed a centaur warrior
  1084 | D        | Reached XP level 9. HP: 24/85 MP: 15/18
  1368 | D        | Noticed a deep troll
  1375 | D        | Killed a deep troll
  1375 | D        | Reached **** piety under Sif Muna
  1375 | D        | Reached skill level 10 in Fighting
  1375 | D        | Reached skill level 5 in Ice Magic
  1387 | D        | Found Lisabidi's Armour Emporium.
  1391 | D        | Bought the +0 pair of boots of Gravity {Str+7 Int-4 Dex+2} for 308 gold pieces
  1739 | D        | Noticed an oklob plant
  1744 | D        | Killed an oklob plant
  1744 | D        | Reached skill level 10 in Unarmed Combat
  1765 | D        | Reached skill level 10 in Transmutations
  1804 | D        | Reached XP level 10. HP: 94/94 MP: 14/20
  1812 | D        | Reached ***** piety under Sif Muna
  1812 | D        | Received a gift from Sif Muna
  1843 | D        | Reached skill level 11 in Fighting
  1932 | D        | Got a pair of polished boots
  1943 | D        | Identified the +1 pair of boots of the Cricket {Regen+ Str+2} (You found it in the Dungeon)
  1949 | D        | Found Yfezemet's Distillery.
  1949 | D        | Found Noetubyth's Book Shop.
  1949 | D        | Found Mudom's Weapon Boutique.
  1951 | D        | Found Fehadden's General Store.
  1951 | D        | Found Haheteo's Food Shop.
  1951 | D        | Found Utotzuz's Distillery.
  1951 | D        | Found Ohoess's Jewellery Boutique.
  1951 | D        | Found Boudgh's Gadget Emporium.
  1951 | D        | Found Kuaroha's Antique Weapon Shop.
  1951 | D        | Found Gasmiss's Weapon Shoppe.
  1955 | D        | Found Suapni's General Store.
  1956 | D        | Found Iske Wun's Antique Weapon Emporium.
  1956 | D        | Found Jovuxauq's Weapon Boutique.
  1957 | D        | Found Duehah's Distillery.
  1973 | D        | Paralysed by fainting for 6 turns
  1979 | D        | Bought 3 fruits for 54 gold pieces
  1979 | D        | Bought a meat ration for 60 gold pieces
  1979 | D        | Bought a royal jelly for 24 gold pieces
  1979 | D        | Bought a fruit for 18 gold pieces
  1979 | D        | Bought a royal jelly for 24 gold pieces
  1979 | D        | Bought a bread ration for 60 gold pieces
  1979 | D        | Bought 4 fruits for 72 gold pieces
  1979 | D        | Bought a meat ration for 60 gold pieces
  1979 | D        | Bought 3 fruits for 54 gold pieces
  1979 | D        | Bought a bread ration for 60 gold pieces
  1979 | D        | Bought a royal jelly for 24 gold pieces
  1979 | D        | Bought a bread ration for 60 gold pieces
  1990 | D        | Paralysed by fainting for 7 turns
  2009 | D        | Bought a potion of experience for 550 gold pieces
  2009 | D        | Reached XP level 11. HP: 100/100 MP: 21/21
  2013 | D        | Learned a level 2 spell: Shroud of Golubria
  2015 | D        | Bought a potion of curing for 33 gold pieces
  2059 | D        | Killed an unseen horror
  2062 | D        | Killed an unseen horror
  2062 | D        | Reached skill level 10 in Dodging
  2062 | D        | Reached skill level 1 in Charms
  2062 | D        | Reached skill level 1 in Translocations
  2117 | D        | Noticed Sonja
  2120 | D        | Killed Sonja
  2133 | D        | Found Qeprebel's Armour Boutique.
  2289 | D        | Identified Sif Muna's Almanac of Bewitching Slavery (Sif Muna gifted it to you in the Dungeon)
  2289 | D        | Received a gift from Sif Muna
  2293 | D        | Reached skill level 12 in Fighting
  2408 | D        | Noticed a lindwurm
  2410 | D        | Killed a lindwurm
  2466 | D        | Identified Sif Muna's Papyrus of Stolen Souls and the Snowflakes (Sif Muna gifted it to you in the Dungeon)
  2466 | D        | Received a gift from Sif Muna
  2495 | D        | Noticed a 12-headed hydra
  2527 | D        | Paralysed by a floating eye for 2 turns
  2527 | D        | HP: 5/123 [12-headed hydra (11)]
  2527 | D        | Slain by a 12-headed hydra

Vault maps used:
D:        dungeon_sprint_1

Skill      XL: |  1  2  3  4  5  6  7  8  9 10 11 |
---------------+----------------------------------+-----
Fighting       | 2 4 5 6 7 8 9 10 11 12 | 12.6
Dodging        | 2 3 5 6 7 8 9 10 | 10.9
Stealth        | 1 2 3 4 5 6 7 8 |  8.3
Transmutations | 3 4 5 6 7 9 10 11 | 11.7
Unarmed Combat | 4 5 6 7 8 9 10 11 | 11.9
Spellcasting   | 3 4 5 6 7 8 |  8.0
Poison Magic   | 2 3 4 5 6 7 8 |  8.0
Ice Magic      | 1 2 3 4 5 6 7 |  7.4
Charms         | 3 |  3.3
Translocations | 3 |  3.7

Action                   |  1- 3 |  4- 6 |  7- 9 | 10-12 || total
-------------------------+-------+-------+-------+-------++-------
Melee: Unarmed           |    28 |    21 |    40 |   128 ||   217
       Tailslap          |     4 |       |     2 |    27 ||    33
       Headbutt          |     4 |       |       |       ||     4
       Kick              |     1 |       |       |       ||     1
       Punch             |       |       |     3 |     8 ||    11
 Cast: Beastly Appendage |     3 |       |       |       ||     3
       Sticks to Snakes  |     2 |     2 |       |       ||     4
       Spider Form       |       |     3 |     1 |       ||     4
       Ice Form          |       |     1 |       |     2 ||     3
       Blade Hands       |       |       |     5 |     5 ||    10
       Shroud of Golubri |       |       |       |     2 ||     2
 Abil: Breathe Acid      |       |       |       |     2 ||     2
  Use: Potion            |       |       |     3 |     1 ||     4
 Stab: Sleeping          |       |       |     2 |     3 ||     5
  Eat: Bread ration      |       |       |     1 |     1 ||     2
       Royal jelly       |       |       |       |     1 ||     1
Armor: Skin              |     4 |       |     5 |    26 ||    35
Dodge: Dodged            |    12 |    13 |    28 |   100 ||   153

Table legend:
 A = Spawn XP
 B = Non-spawn XP
 C = Spawn XP percentage of total XP
 D = Spawn monster count
 E = Non-spawn monster count
 F = Spawn count percentage of total count
 G = Total turns spent on level
                    A         B        C        D         E        F      G
               +---------+---------+-------+---------+---------+-------+---------
         Total |       0 |   14158 |   0.0 |       0 |      53 |   0.0 |  2527
               +---------+---------+-------+---------+---------+-------+---------
             D |       0 |   14158 |   0.0 |       0 |      53 |   0.0 |  2527
               +---------+---------+-------+---------+---------+-------+---------
